AoeStats
← BSHammer

MegaRandom

509802335Analyzed
4v4 RM · 5d ago on Sep 28, 2026· 62m 15s· 8 players
Game mode
Random Map
Map size
Large (8 player)
Population
200
Speed
Normal
Resources
Standard
Victory
Conquest
Starting age
Dark Age
Ending age
Imperial Age
RankedLock teamsTeams togetherTeam positionsShared explorationLock speedFull tech treeHidden civsTurbo modeCheats
Victory
Defeat
🇺🇸 Varangians · United States
1553
+9
🇺🇸 Chinese · United States
1549
+9
🇺🇸 Danes · United States
1534
+10
🇺🇸 Lithuanians · United States
1494
+11
🇫🇷 Magyars · France
1476
-12
🇦🇷 Shu · Argentina
1399
-10
🇦🇷 Mongols · Argentina
1392
-10
🇺🇸 Huns · United States
1302
-7
| ArCas | Toruk Makto
7:22 Loom
9:07 Feudal Age
10:00 Double-Bit Axe
12:59 Horse Collar
13:11 Double-Bit Axe
13:37 Horse Collar
16:13 Town Watch
17:14 Forging
21:15 Castle Age
19:50 Scale Barding Armor
20:44 Bloodlines
22:48 Iron Casting
25:35 Husbandry
26:36 Heavy Plow
27:58 Chain Barding Armor
30:33 Gold Mining
33:15 Wheelbarrow
34:17 Fletching
35:14 Stone Mining
36:40 Bow Saw
37:37 Hand Cart
40:46 Imperial Age
40:50 Gold Shaft Mining
40:51 Stone Shaft Mining
40:57 Elite Steppe Lancer
41:59 Conscription
43:15 Blast Furnace
43:56 Heavy Camel Rider
52:19 Caravan
55:24 Bodkin Arrow
55:40 Light Cavalry
57:55 Hussar
Florenzi
6:55 Loom
9:11 Feudal Age
9:55 Double-Bit Axe
14:32 Horse Collar
18:34 Wheelbarrow
21:56 Castle Age
20:47 Gold Mining
21:10 Bloodlines
21:29 Stone Mining
22:01 Light Cavalry
22:41 Husbandry
22:51 Town Watch
27:46 Hand Cart
27:49 Scale Barding Armor
33:06 Town Watch
39:20 Bow Saw
39:11 Heavy Plow
39:47 Gold Shaft Mining
44:02 Imperial Age
43:30 Treadmill Crane
45:06 Conscription
44:10 Elite Magyar Huszar
45:26 Hoardings
44:53 Corvinian Army
45:18 Chain Barding Armor
44:40 Cavalier
46:22 Paladin
51:01 Two-Man Saw
50:39 Crop Rotation
52:08 Coinage
51:39 Caravan
53:22 Banking
60:38 Pikeman
61:34 Man-at-Arms
petarded
7:59 Loom
10:45 Feudal Age
16:08 Castle Age
14:04 Double-Bit Axe
14:47 Gold Mining
15:31 Fletching
17:02 Horse Collar
19:32 Padded Archer Armor
22:39 Bodkin Arrow
27:42 Leather Archer Armor
28:02 Bloodlines
30:57 Ballistics
31:56 Gold Shaft Mining
39:34 Husbandry
41:28 Wheelbarrow
42:42 Hand Cart
42:44 Thumb Ring
43:00 Thumb Ring
43:00 Heavy Plow
46:15 Imperial Age
44:54 Town Watch
46:10 Stone Mining
46:16 Heavy Cavalry Archer
47:24 Parthian Tactics
47:01 Bracer
48:06 Chemistry
46:46 Light Cavalry
48:34 Hussar
51:02 Conscription
51:34 Forging
51:30 Scale Barding Armor
cuba
6:22 Loom
9:32 Feudal Age
10:05 Double-Bit Axe
18:16 Castle Age
19:15 Bow Saw
23:33 Crossbowman
24:18 Thumb Ring
24:06 Fletching
27:10 Wheelbarrow
27:00 Thumb Ring
28:58 Hand Cart
28:37 Gold Mining
28:55 Bodkin Arrow
30:43 Ballistics
33:40 Imperial Age
32:27 Gold Shaft Mining
32:13 Padded Archer Armor
33:24 Leather Archer Armor
33:43 Arbalester
35:28 Chemistry
34:49 Bracer
35:20 Ring Archer Armor
36:02 Two-Man Saw
36:15 Conscription
37:29 Capped Ram
38:44 Siege Ram
43:20 Pikeman
44:01 Scale Mail Armor
45:42 Halberdier
46:22 Squires
46:39 Chain Mail Armor
46:34 Forging
51:07 Plate Mail Armor
Lucas Ducas
8:53 Loom
11:12 Feudal Age
12:50 Double-Bit Axe
15:09 Castle Age
13:08 Horse Collar
14:24 Horse Collar
15:14 Light Cavalry
16:21 Bloodlines
16:50 Bow Saw
18:47 Light Cavalry
21:53 Scale Barding Armor
22:36 Husbandry
24:33 Gold Mining
25:56 Wheelbarrow
26:54 Hand Cart
28:05 Heavy Plow
29:36 Chain Barding Armor
29:31 Forging
30:07 Town Watch
30:22 Stone Mining
32:37 Iron Casting
39:06 Imperial Age
38:25 Vendel Legacy
40:55 Plate Barding Armor
41:16 Conscription
40:30 Cavalier
43:50 Guilds
45:15 Caravan
45:32 Hussar
50:49 Blast Furnace
52:03 Two-Man Saw
56:13 Fletching
56:35 Masonry
koriko9397
0:31 Loom
10:29 Feudal Age
14:34 Castle Age
12:47 Double-Bit Axe
18:26 Horse Collar
24:31 Scale Barding Armor
24:37 Forging
26:15 Wheelbarrow
26:04 Bloodlines
25:54 Husbandry
25:55 Town Watch
27:19 Chain Barding Armor
33:54 Imperial Age
31:39 Fletching
31:50 Padded Archer Armor
31:59 Gold Mining
33:04 Bodkin Arrow
33:25 Leather Archer Armor
33:42 Ballistics
34:06 Gold Shaft Mining
33:49 Heavy Plow
36:00 Chemistry
36:00 Bracer
39:06 Hand Cart
39:35 Bombard Tower
39:23 Bracer
39:54 Ring Archer Armor
42:07 Cavalier
43:38 Elite Chu Ko Nu
44:39 Conscription
49:35 Iron Casting
49:36 Plate Barding Armor
51:46 Blast Furnace
51:43 Great Wall
54:35 Masonry
54:17 Light Cavalry
59:20 Architecture
60:21 Stone Mining
BSHammer
7:09 Loom
9:45 Feudal Age
13:25 Fletching
13:47 Forging
14:10 Double-Bit Axe
20:43 Castle Age
20:06 Scale Barding Armor
20:12 Bloodlines
25:10 Husbandry
28:37 Chain Barding Armor
31:06 Iron Casting
31:37 Horse Collar
39:57 Imperial Age
39:15 Wheelbarrow
39:59 Cavalier
41:36 Plate Barding Armor
43:26 Light Cavalry
46:21 Heavy Plow
46:32 Bow Saw
46:38 Hand Cart
46:03 Winged Hussar
49:19 Caravan
51:25 Squires
55:15 Paladin
55:29 Paladin
59:35 Conscription
Harristotle
11:27 Feudal Age
15:57 Castle Age
14:37 Double-Bit Axe
15:34 Loom
15:53 Horse Collar
17:43 Heavy Plow
20:01 Scale Mail Armor
21:54 Wheelbarrow
25:31 Forging
25:13 Fletching
26:00 Hand Cart
26:47 Gold Mining
27:09 Bow Saw
28:21 Thumb Ring
29:16 Bodkin Arrow
29:23 Padded Archer Armor
32:44 Imperial Age
29:49 Elite Skirmisher
31:21 Chain Mail Armor
31:16 Forging
32:11 Hamask
33:03 Arson
33:20 Squires
33:49 Conscription
33:14 Elite Varangian Guard
35:01 Ballistics
36:00 Bracer
38:00 Leather Archer Armor
40:52 Chemistry
40:59 Ring Archer Armor
41:01 Gambesons
42:10 Plate Mail Armor
42:16 Iron Casting
43:28 Masonry
43:24 Siege Engineers
43:21 Capped Ram
47:26 Blast Furnace
47:33 Caravan
47:42 Pikeman
49:48 Halberdier
Connection lost

Rejoining the realm…

Still unreachable

The connection could not be restored.

Session expired

The server has moved on; the page needs a fresh start.